 Dungeon Crawl Stone Soup version 0.30-a0-989-g0d87f670db (webtiles) character file.

Game seed: 4264526331399592250

142 billz999 the Magician (level 5, -13/35 HPs)
             Began as a Djinni Ice Elementalist on Apr 3, 2023.
             Mangled by an ogre
             ... wielding a +0 giant spiked club
              (14 damage)
             ... on level 4 of the Dungeon.
             The game lasted 00:06:56 (2672 turns).

billz999 the Magician (Djinni Ice Elementalist)     Turns: 2672, Time: 00:06:56

Health: -13/35     AC:  4    Str:  7    XL:     5   Next: 50%
Gold:   250        EV: 12    Int: 18    God:
                   SH:  0    Dex: 14

rFire   + + +      SeeInvis .    u - +6 club
rCold   . . .      Faith    .    (no shield)
rNeg    . . .      Spirit   .    a - +0 robe
rPois   ∞          Reflect  .    v - +0 helmet
rElec   .          Rampage  .    h - scarf {rC+ rF+}
rCorr   .                        w - +0 pair of gloves
Will    .....                    (boots unavailable)
Stlth   ++                       (no amulet)
HPRegen 0.25/turn                (no ring)
MPRegen 0.00/turn                (no ring)

@: freezing walls, flying
A: sickness immunity, fire resistance 2, cold vulnerability 1, float, innate
caster, HP casting, extra vitality 1
a: no special abilities


You were on level 4 of the Dungeon.
You visited 1 branch of the dungeon, and saw 4 of its levels.

You collected 250 gold pieces.

Inventory:

Hand Weapons
 b - a +0 spear
 d - a +0 falchion
 u - a +6 club (weapon)
Missiles
 n - 6 curare-tipped darts
Armour
 a - a +0 robe (worn)
 h - a scarf of resistance (worn)
 v - a +0 helmet (worn)
 w - a +0 pair of gloves (worn)
Magical Staves
 r - a staff of earth
Scrolls
 c - a scroll of silence {unknown}
 e - 3 scrolls of blinking {unknown}
 i - 3 scrolls of teleportation
 j - a scroll of enchant weapon {unknown}
 k - a scroll of amnesia {unknown}
 m - a scroll of identify {unknown}
 p - 2 scrolls of fear {unknown}
 q - a scroll of enchant armour
 s - a scroll of summoning {unknown}
 t - a scroll of magic mapping {unknown}
 x - a scroll of vulnerability {unknown}
Potions
 f - a potion of flight {unknown}
 g - a potion of berserk rage {unknown}
 l - 2 potions of curing {unknown}
 o - a potion of degeneration {unknown}


   Skills:
 - Level 2.1 Dodging
 - Level 1.5 Stealth
 + Level 5.0 Spellcasting


You knew the following spells:

 Your Spells              Type           Power      Damage    Failure   Level
a - Freeze                Ice            88%        1d9       1%          1
b - Frozen Ramparts       Ice            44%        1d7       4%          3
c - Ozocubu's Armour      Ice            22%        N/A       4%          3
d - Summon Ice Beast      Ice/Summ       22%        N/A       17%         4
e - Necrotise             Necr           88%        1d8       1%          1
f - Blink                 Tloc           44%        N/A       2%          2
Your spell library was empty.

Dungeon Overview and Level Annotations

Branches:
Dungeon (4/15)
 Temple: D:4-7

Altars:
Nemelex Xobeh


Innate Abilities, Weirdness & Mutations

You are immune to sickness and miasma.
You are immune to poison.
Your flesh is very heat resistant. (rF++)
You are vulnerable to cold. (rC-)
You float through the air rather than walking.
You learn spells naturally, not from books.
Your magical power is your life essence.
You have superior vitality. (+4 MHP)


Message History

Ouch! That really hurt!
* * * LOW HITPOINT WARNING * * *
The wall freezes the orc but does no damage.
The orc hits you with a +0 dagger.
* * * LOW HITPOINT WARNING * * *
Casting: Freeze (safe; 1% risk of failure)
Confirm with . or Enter, or press ? or * to list all spells.
Aiming: Freeze (safe; 1% risk of failure)
Press: ? - help, Shift-Dir - straight line, f/p - ogre
Aim: an ogre, wielding a +0 giant spiked club (severely wounded)
You freeze the ogre.
The ogre is almost dead.
* * * LOW HITPOINT WARNING * * *
A hobgoblin comes into view.
The wall freezes the orc.
The orc hits you but does no damage.
Unknown command.
Casting: Freeze (safe; 1% risk of failure)
Confirm with . or Enter, or press ? or * to list all spells.
Aiming: Freeze (safe; 1% risk of failure)
Press: ? - help, Shift-Dir - straight line, f/p - ogre
Aim: an ogre, wielding a +0 giant spiked club (almost dead)
You freeze the ogre.
The ogre is almost dead.
The hobgoblin shouts!
* * * LOW HITPOINT WARNING * * *
The wall freezes the ogre.
The ogre closely misses you.
The wall freezes the orc but does no damage.
The orc hits you with a +0 dagger.
* * * LOW HITPOINT WARNING * * *
Unknown command.
As you read the scroll labelled XERIUKY NUARUH, it crumbles to dust.
It is a scroll of enchant armour.
Really abort (and waste the scroll)? [Y]es or [N]o only, please.
Really abort (and waste the scroll)?
Okay, then.
The wall freezes the adder!
The adder bites you but does no damage.
The wall freezes the ogre.
The ogre hits you with a +0 giant spiked club!
You die...

.. .# ##.# ..
##.##...#
#.###........
.......≈...
#.[._.≈.(P
#....≈.$P
#.≈§≈§..P
##O...(..P
#@o......P


#..S.PPPPPP #.#.(PPPPPP ......g. ####....... ........ ######.# .# You could see
an ogre, an adder (slow), an orc and a hobgoblin.

Vanquished Creatures
  An orc wizard (D:3)
  Robin (D:3)
  3 adders
  3 dart slugs
  5 orcs (D:3)
  6 endoplasms
  A giant cockroach (D:3)
  12 goblins
  9 hobgoblins
  2 quokkas (D:1)
  5 ball pythons
  5 bats
  2 frilled lizards (D:1)
  3 kobolds
  7 rats
65 creatures vanquished.

Vanquished Creatures (others)
  A fungus (D:2)
  4 toadstools (D:2)
5 creatures vanquished.

Grand Total: 70 creatures vanquished

Notes
Turn   | Place    | Note
-------+----------+-------------------------------------------
     0 | D:1      | billz999 the Djinni Ice Elementalist began the quest for
                  | the Orb.
     0 | D:1      | billz999 set off with the following spells memorised:
                  | Freeze, Frozen Ramparts, Ozocubu's Armour, Summon Ice
                  | Beast.
     0 | D:1      | Reached XP level 1. HP: 15/15 MP: 0/0
   137 | D:1      | Reached XP level 2. HP: 20/21 MP: 0/0
   400 | D:1      | Found a faded altar of an unknown god.
   417 | D:1      | Reached XP level 3. HP: 24/25 MP: 0/0
   417 | D:1      | Learned a level 1 spell: Necrotise
   699 | D:2      | Reached skill level 4 in Spellcasting
   789 | D:2      | Reached XP level 4. HP: 29/31 MP: 0/0
  1457 | D:2      | Identified the +4 flail of Peace {freeze, Dex+6}
  1962 | D:3      | Noticed Robin
  1972 | D:3      | Killed Robin
  1985 | D:3      | Reached XP level 5. HP: 18/35 MP: 0/0
  1985 | D:3      | Learned a level 2 spell: Blink
  2282 | D:3      | Reached skill level 5 in Spellcasting
  2661 | D:4      | Found a sparkling altar of Nemelex Xobeh.
  2661 | D:4      | Noticed an ogre
  2671 | D:4      | HP: 1/35 [orc/+0 dagger (3)]
  2672 | D:4      | Mangled by an ogre

Illustrated notes

Levels and vault maps discovered:
D:1:      dpeg_arrival_stone_temple_mockup, layout_rooms,
          hellmonk_ecumenical_altar_heavens_door, minmay_crystal_water
D:2:      layout_basic, minmay_gold_behind_fungi, st_stairs_9
D:3:      layout_basic, nicolae_overflow_hidden_temple, uniq_robin
D:4:      layout_loops_ring, mainiacjoe_overflow_boulevard,
          mainiacjoe_overflow_chevrons, lightli_ossuary_entry_decrepit_ruins,
          nicolae_goblin_pals

Skill      XL: |  1  2  3  4  5 |
---------------+----------------+-----
Spellcasting   | 4 5 |  5.0
Dodging        | |  2.1
Stealth        | |  1.5

Action                     |  1- 3 |  4- 6 || total
---------------------------+-------+-------++-------
  Melee: Falchion          |     4 |     2 ||     6
         Club              |       |     5 ||     5
   Cast: Freeze            |    41 |    29 ||    70
         Frozen Ramparts   |       |     8 ||     8
    Use: Scroll            |       |     2 ||     2
   Stab: Sleeping          |       |     2 ||     2
 Armour: Robe              |     6 |     3 ||     9
  Dodge: Dodged            |    17 |     9 ||    26

Table legend: (Time is in decaauts)
 A = Elapsed time spent in this place.
 B = Non-inter-level travel time spent in this place.
 C = Inter-level travel time spent in this place.
 D = Time resting spent in this place.
 E = Time spent auto-exploring this place.
 F = Levels seen in this place.
 G = Mean time per level.
                   A        B        C        D        E       F      G
               +--------+--------+--------+--------+--------+-----+--------+
         Total |   2672 |   2525 |    147 |     18 |   2108 |   4 |  668.0 |
       Dungeon |   2672 |   2525 |    147 |     18 |   2108 |   4 |  668.0 |
               +--------+--------+--------+--------+--------+-----+--------+

Top non-repeatable levels by time:
     D:3: 1052 daAuts
     D:2: 1046 daAuts
     D:1: 559 daAuts
     D:4: 14 daAuts
